 Dungeon Crawl Stone Soup version 0.26.1-10-gdfb7c7de75 (webtiles) character file.

Game seed: 7387374290976319617

62390 phalm the Blocker (level 15, -4/92 HPs)
             Began as a Gargoyle Fighter on Apr 10, 2021.
             Was the Champion of Okawaru.
             Killed by divine providence
             ... invoked by Saint Roka
              (15 damage)
             ... on level 1 of the Orcish Mines on Apr 11, 2021.
             The game lasted 01:10:04 (23770 turns).

phalm the Blocker (Gargoyle Fighter)               Turns: 23770, Time: 01:10:05

Health: -4/92      AC: 36    Str: 28    XL:     15   Next: 6%
Magic:  0/22       EV: 10    Int: 10    God:    Okawaru [******]
Gold:   2105       SH:  8    Dex:  9    Spells: 19/24 levels left

rFire    . . .     SeeInvis .   I - +4 morningstar (distort)
rCold    . . .     Faith    .   e - +1 buckler {AC+3}
rNeg     + + +     Spirit   +   i - +1 plate armour
rPois    ∞         Reflect  .   M - +0 helmet
rElec    +         Harm     .   j - +0 cloak
rCorr    +         Rampage  .   h - +0 pair of gloves {Str+3}
Will     ++++.                  J - +1 pair of boots
Stlth    ..........             y - amulet "Riuqit" {Spirit rN+ Will+++}
HPRegen  0.25/turn              c - ring of positive energy
MPRegen  0.18/turn              Q - ring of resist corrosion

@: flying, studying Dodging
A: big wings, mutation resistance 1, negative energy resistance 1, electricity
resistance, unbreathing, petrification resistance, miasma immunity, AC +11
a: Stop Flying, Renounce Religion, Heroism, Finesse


You were on level 1 of the Orcish Mines.
You worshipped Okawaru.
Okawaru was exalted by your worship.
You visited 4 branches of the dungeon, and saw 21 of its levels.
You also visited: Sewer, Ossuary and Gauntlet.

You collected 2105 gold pieces.

Inventory:

Hand Weapons
 I - a +4 morningstar of distortion (weapon)
Armour
 e - a +1 buckler of protection (worn)
 h - a +0 pair of gloves of strength (worn)
 i - a +1 plate armour (worn)
 j - a +0 cloak (worn)
 J - a +1 pair of boots (worn)
 K - a +1 ring mail of cold resistance
 M - a +0 helmet (worn)
 R - a +2 kite shield
Jewellery
 c - a ring of positive energy (left hand)
 q - a +6 ring of dexterity
 u - an uncursed ring of see invisible
 y - the amulet "Riuqit" (around neck) {Spirit rN+ Will+++}
   (You took it off a minotaur in a Gauntlet)

   [amulet of guardian spirit]

   It causes incoming damage to be split between your health and magic.
   It protects you from negative energy.
   It affects your willpower, your defense against some magical effects.
 Q - a ring of resist corrosion (right hand)
 U - an uncursed ring of willpower
Wands
 p - a wand of polymorph (10)
 x - a wand of paralysis (15)
 B - a wand of flame (59)
 D - a wand of disintegration (6)
 N - a wand of random effects (18)
 S - a wand of digging (5)
 W - a wand of iceblast (3)
Scrolls
 a - 4 scrolls of identify
 k - 8 scrolls of teleportation
 n - 4 scrolls of blinking
 o - 8 scrolls of fog
 w - 3 scrolls of magic mapping
 A - 8 scrolls of remove curse
 H - 4 scrolls of fear
 L - 4 scrolls of immolation
 T - a scroll of summoning
 V - a scroll of amnesia
Potions
 b - 2 potions of mutation
 d - 5 potions of might
 f - 10 potions of curing
 l - a potion of invisibility
 m - 6 potions of lignification
 r - a potion of heal wounds
 s - 5 potions of haste
 t - 2 potions of berserk rage
 v - 4 potions of ambrosia
 C - a potion of cancellation
 E - a potion of resistance
 F - 3 potions of attraction
Books
 X - a manual of Dodging
Miscellaneous
 g - a box of beasts (inert)
 G - a condenser vane
 P - a lightning rod (4/4)


   Skills:
 + Level 10.2 Fighting
 * Level 12.4 Maces & Flails
 + Level 10.3 Armour
 + Level 5.5 Dodging
 * Level 13.5 Shields
 - Level 5.0 Spellcasting
 + Level 5.3 Transmutations
 + Level 3.9 Air Magic
 + Level 8.4 Invocations
 - Level 7.0 Evocations


You had 19 spell levels left.
You knew the following spells:

 Your Spells              Type           Power        Failure   Level
a - Beastly Appendage     Tmut           26%          21%         1
b - Wereblood             Tmut           13%          30%         2
c - Swiftness             Air            10%          50%         2

Your spell library contained the following spells:

 Spells                   Type           Power        Failure   Level
 Shock                    Conj/Air       24%          63%         1
 Summon Small Mammal      Summ           8%           88%         1
 Spider Form              Tmut/Pois      3%           88%         3
 Static Discharge         Conj/Air       6%           94%         3
 Call Imp                 Summ           2%           95%         2
 Airstrike                Air            5%           98%         4
 Call Canine Familiar     Summ           2%           99%         3
 Summon Guardian Golem    Hex/Summ       2%           99%         3
 Ice Form                 Ice/Tmut       7%           99%         4
 Blade Hands              Tmut           6%           99%         5
 Summon Ice Beast         Ice/Summ       2%           100%        4
 Summon Lightning Spire   Summ/Air       6%           100%        4
 Irradiate                Conj/Tmut      3%           100%        5
 Lightning Bolt           Conj/Air       3%           100%        5
 Silence                  Hex/Air        3%           100%        5
 Conjure Ball Lightning   Conj/Air       3%           100%        6
 Hydra Form               Tmut           6%           100%        6
 Dragon Form              Tmut           6%           100%        7
 Tornado                  Air            5%           100%        9
 Statue Form              Tmut/Erth      Unusable     N/A         6

Dungeon Overview and Level Annotations

Branches:
Dungeon (12/15)            Temple (1/1) D:4            Lair (6/6) D:8
 Shoals (0/4) Lair:2        Snake (0/4) Lair:4        Slime (0/5) Lair:5
    Orc (2/2) D:11            Elf (0/3) Orc:2         Sewer (visited)
Ossuary (visited)         Gauntlet (visited)

Altars:
Cheibriados
Elyvilon
Fedhas
Hepliaklqana
Makhleb
Nemelex Xobeh
Okawaru
Qazlal
Ru
Sif Muna
Trog
Vehumet
Xom
The Shining One

Shops:
D:5 }   D:10 (   D:11 (

Annotations:
Orc:1 Saint Roka


Innate Abilities, Weirdness & Mutations

You are resistant to torment.
Your stone body is resilient. (AC +11)
You are immune to poison.
Your large and strong wings let you fly indefinitely.
You resist negative energy. (rN+)
You are resistant to electric shocks. (rElec)
You can survive without breathing.
You are immune to petrification.
You are immune to miasma.
You are somewhat resistant to further mutation.


Message History

The orc warrior no longer looks unusually strong. x2
Saint Roka shoots a bolt.
The bolt hits you!
* * * LOW HITPOINT WARNING * * *
Aiming: Corrosive Bolt
Press: ? - help, Shift-Dir - straight line, f/p - Saint Roka
Aim: Saint Roka, wielding a +0 arbalest, wearing a cursed +0 chain mail and quivering 16 bolts (lightly wounded, 19% to evade)
The bolt of acid hits the orc warrior!
The orc warrior is splashed with acid.
The orc warrior is almost dead.
The bolt of acid hits Saint Roka!!
Saint Roka is splashed with acid.
Saint Roka is moderately wounded.
The now-empty wand crumbles to dust.
Saint Roka roars a battlecry!
The orc warrior goes into a battle-frenzy!
The orc warrior hits your juvenile batox beast but does no damage.
Your juvenile batox beast hits the orc warrior.
The orc warrior dies!
Okawaru accepts your kill.
Saint Roka calls down the wrath of Beogh upon you.
Beogh smites you!
You die...

### #######.##
####.#.#....###
##.......>...#.##
##.........^.....###
##..............#..##
###.....#..#...#....#
..............#(@..##
...............#(.###
..............o.....##
####..........H##....#
.####.........o#.....#
.'.####...><....#...##
.#..# #...[#...###.##
###.###........# ###
##.##......#.##


You could see Saint Roka and a friendly juvenile batox beast (summoned).

Vanquished Creatures
  Nessos (Orc:2)
  A minotaur (Gauntlet)
  A catoblepas (Lair:6)
  7 hydras
  A death knight (D:12)
  5 death yaks
  2 two-headed ogres
  Sonja (Orc:2)
  Pikel (D:6)
  3 oklob plants
  An orc sorcerer (Orc:2)
  2 ugly things (D:11)
  A manticore (D:11)
  6 black mambas
  A merfolk siren (Lair:2)
  Maurice (D:9)
  The ghost of Cheops the Conjurer, a novice DECj of Vehumet (D:7)
  18 cane toads
  11 komodo dragons
  2 rime drakes
  5 polar bears
  3 meliai (Gauntlet)
  7 hornets
  13 blink frogs
  4 wyverns
  10 spriggans
  2 wraiths
  2 shadows (Gauntlet)
  55 yaks
  2 basilisks
  2 steam dragons
  Menkaure (D:4)
  5 nagas (Lair:4)
  A warg (Orc:1)
  16 water moccasins
  5 ice beasts
  9 orc warriors
  An eye of draining (D:11)
  4 sky beasts
  10 black bears
  4 ogres
  A necrophage (D:10)
  2 phantoms
  4 boggarts (Lair:6)
  5 centaurs
  2 lemures (D:6)
  30 wolves
  5 big kobolds
  3 gnoll sergeants
  15 bullfrogs
  3 scorpions
  2 howler monkeys (D:9)
  A centaur zombie (D:8)
  2 bullfrog zombies
  2 jellies
  5 quasits
  7 hounds
  10 orc priests
  4 centaur skeletons
  3 iguanas
  14 orc wizards
  11 worker ants
  2 hound zombies
  A hound skeleton (D:8)
  8 mummies (Ossuary)
  A worker ant zombie (D:7)
  11 gnolls
  14 adders
  7 shadow imps
  4 white imps
  3 ufetubi
  5 oozes
  3 adder skeletons
  An adder zombie (D:8)
  3 worms
  3 dart slugs
  8 leopard geckos
  67 orcs
  6 bats
  5 giant cockroaches
  11 goblins
  5 hobgoblins
  15 jackals
  6 quokkas
  3 ball pythons (Sewer)
  9 frilled lizards
  A giant cockroach zombie (D:5)
  3 gnoll zombies (Ossuary)
  2 hobgoblin zombies (Ossuary)
  24 kobolds
  A kobold zombie (Ossuary)
  2 leopard gecko skeletons
  2 orc zombies (Ossuary)
  A quokka skeleton (D:6)
  25 rats
621 creatures vanquished.

Vanquished Creatures (collateral kills)
  An orc warrior (Orc:1)
1 creature vanquished.

Vanquished Creatures (others)
  A quasit (D:7)
  An orc priest (Orc:2)
  24 fungi
  19 plants
  17 withered plants (Gauntlet)
62 creatures vanquished.

Grand Total: 684 creatures vanquished

Notes
Turn   | Place    | Note
-------+----------+-------------------------------------------
     0 | D:1      | phalm the Gargoyle Fighter began the quest for the Orb.
     0 | D:1      | Reached XP level 1. HP: 14/14 MP: 1/1
   160 | D:1      | Reached XP level 2. HP: 17/19 MP: 2/2
   554 | D:1      | Reached XP level 3. HP: 23/23 MP: 3/3
  1779 | D:2      | Reached skill level 4 in Shields
  1779 | D:2      | Reached XP level 4. HP: 27/29 MP: 4/4
  2934 | D:3      | Reached XP level 5. HP: 30/33 MP: 5/5
  3643 | D:4      | Reached XP level 6. HP: 24/38 MP: 6/6
  3707 | D:4      | Found a glowing drain.
  3754 | Sewer    | Entered a sewer
  4012 | Sewer    | Reached skill level 5 in Shields
  4012 | Sewer    | Reached skill level 1 in Evocations
  4151 | Sewer    | Reached XP level 7. HP: 43/44 MP: 7/7
  4418 | D:4      | Noticed Menkaure
  4425 | D:4      | Killed Menkaure
  4426 | D:4      | Reached skill level 5 in Armour
  4707 | D:4      | Found a staircase to the Ecumenical Temple.
  4729 | Temple   | Entered the Ecumenical Temple
  4874 | Temple   | Became a worshipper of Warmaster Okawaru
  4953 | D:4      | Reached skill level 5 in Maces & Flails
  5151 | D:4      | Reached skill level 6 in Shields
  5290 | D:5      | Entered Level 5 of the Dungeon
  5290 | D:5      | Found a transporter.
  5302 | D:5      | Found a sand-covered staircase.
  5312 | Ossuary  | Entered an ossuary
  5421 | Ossuary  | Reached XP level 8. HP: 37/48 MP: 8/8
  5716 | Ossuary  | Reached skill level 1 in Invocations
  5944 | D:5      | Reached skill level 5 in Fighting
  5956 | D:5      | Found Feat's Gadget Shop.
  6201 | D:5      | Reached * piety under Okawaru
  6292 | D:5      | Found a transporter.
  6580 | D:5      | Reached skill level 7 in Shields
  6838 | D:6      | Reached XP level 9. HP: 44/54 MP: 10/10
  7332 | D:6      | Reached ** piety under Okawaru
  7391 | D:6      | Noticed Pikel
  7429 | D:6      | Killed Pikel
  7605 | D:7      | Found a shimmering altar of Xom.
  7699 | D:7      | Reached skill level 8 in Shields
  7724 | D:7      | Noticed Cheops's ghost (novice DECj)
  7732 | D:7      | Found a transporter.
  7878 | D:7      | Found a transporter.
  8205 | D:7      | Killed Cheops's ghost
  8205 | D:7      | Reached *** piety under Okawaru
  8351 | D:8      | Reached XP level 10. HP: 61/61 MP: 12/12
  8571 | D:8      | Found a staircase to the Lair.
  8720 | D:8      | Reached **** piety under Okawaru
  8721 | D:8      | Reached skill level 9 in Shields
  8764 | D:8      | Noticed a death yak
  8792 | D:8      | Killed a death yak
  9159 | D:8      | Found a bloodstained altar of Trog.
  9566 | D:9      | Gained mutation: You are somewhat resistant to further
                  | mutation. [potion of mutation]
  9603 | D:9      | Reached skill level 5 in Invocations
  9680 | D:9      | Reached ***** piety under Okawaru
  9923 | D:10     | Entered Level 10 of the Dungeon
  9998 | D:9      | Found Qooli's Antique Weapon Shoppe.
 10225 | D:9      | Noticed Maurice
 10242 | D:9      | Killed Maurice
 10242 | D:9      | Received a gift from Okawaru
 10243 | D:9      | Reached XP level 11. HP: 56/67 MP: 14/14
 10252 | D:9      | Learned a level 1 spell: Beastly Appendage
 10255 | D:9      | Learned a level 2 spell: Wereblood
 10349 | D:9      | Reached skill level 5 in Evocations
 10548 | D:10     | Found Kuumuyhi's Antique Weapon Shoppe.
 10864 | D:10     | Reached skill level 10 in Shields
 11357 | D:11     | Noticed a two-headed ogre
 11360 | D:11     | Killed a two-headed ogre
 11361 | D:11     | Reached skill level 1 in Spellcasting
 11448 | D:11     | Noticed an eight-headed hydra
 11449 | D:11     | Noticed a red ugly thing
 11459 | D:11     | Killed a red ugly thing
 11460 | D:11     | Reached skill level 1 in Transmutations
 11469 | D:11     | Killed an eight-headed hydra
 11699 | D:11     | Noticed a manticore
 11711 | D:11     | Killed a manticore
 11711 | D:11     | Received a gift from Okawaru
 11918 | D:11     | Found a staircase to the Orcish Mines.
 11975 | D:11     | Noticed a brown ugly thing
 11999 | D:11     | Killed a brown ugly thing
 12112 | D:11     | Found Eleurgh's Weapon Boutique.
 12907 | D:12     | Noticed a two-headed ogre
 12914 | D:12     | Killed a two-headed ogre
 12915 | D:12     | Reached XP level 12. HP: 62/73 MP: 16/16
 13129 | D:12     | Noticed a death knight
 13148 | D:12     | Killed a death knight
 13149 | D:12     | Reached skill level 11 in Shields
 13719 | Lair:1   | Entered Level 1 of the Lair of Beasts
 13808 | Lair:1   | Reached skill level 10 in Maces & Flails
 13979 | Lair:1   | Noticed a four-headed hydra
 13993 | Lair:1   | Killed a four-headed hydra
 14821 | Lair:2   | Noticed a six-headed hydra
 14833 | Lair:2   | Killed a six-headed hydra
 14857 | Lair:2   | Received a gift from Okawaru
 14935 | Lair:2   | Found a gate leading to a gauntlet.
 14947 | Lair:2   | Reached ****** piety under Okawaru
 14951 | Gauntlet | Entered a Gauntlet
 14951 | Gauntlet | Found a transporter.
 15170 | Gauntlet | Found a transporter.
 15182 | Gauntlet | Found a transporter.
 15187 | Gauntlet | Found a transporter.
 15202 | Gauntlet | Found a transporter.
 15221 | Gauntlet | Found a transporter.
 15230 | Gauntlet | Noticed a ghost crab
 15233 | Gauntlet | Found a transporter.
 15239 | Gauntlet | Found a transporter.
 15262 | Gauntlet | Found a transporter.
 15270 | Gauntlet | Found a transporter.
 15270 | Gauntlet | Noticed a death yak
 15272 | Gauntlet | Noticed a death yak
 15275 | Gauntlet | Noticed a death yak
 15275 | Gauntlet | Noticed a death yak
 15276 | Gauntlet | Noticed a death yak
 15279 | Gauntlet | Found a transporter.
 15281 | Gauntlet | Noticed a great orb of eyes
 15285 | Gauntlet | Found a transporter.
 15300 | Gauntlet | Found a transporter.
 15308 | Gauntlet | Found a transporter.
 15349 | Gauntlet | Found a transporter.
 15376 | Gauntlet | Found a transporter.
 15376 | Gauntlet | Found a transporter.
 15396 | Gauntlet | Found a transporter.
 15708 | Gauntlet | Got a faintly glowing garnet amulet
 15717 | Gauntlet | Learned a level 2 spell: Swiftness
 15729 | Gauntlet | Identified the amulet of Vaog {Acrobat rPois} (You found it
                  | in a Gauntlet)
 15759 | Gauntlet | Identified the amulet "Riuqit" {Spirit rN+ Will+++}
 15759 | Gauntlet | Noticed a minotaur
 15771 | Gauntlet | Killed a minotaur
 16165 | Lair:1   | Reached XP level 13. HP: 70/80 MP: 16/18
 16191 | Lair:2   | Reached skill level 1 in Dodging
 16272 | Lair:2   | Reached skill level 1 in Air Magic
 16719 | Lair:2   | Reached skill level 12 in Shields
 16721 | Lair:2   | Found a staircase to the Shoals.
 18346 | Lair:4   | Found a staircase to the Snake Pit.
 19370 | Lair:5   | Gained mutation: Your large and strong wings let you fly
                  | indefinitely. [Gargoyle growth]
 19370 | Lair:5   | Reached XP level 14. HP: 73/86 MP: 17/21
 19424 | Lair:5   | Found a staircase to the Slime Pits.
 19592 | Lair:5   | Received a gift from Okawaru
 20220 | Lair:6   | Entered Level 6 of the Lair of Beasts
 20263 | Lair:6   | Reached skill level 5 in Spellcasting
 20315 | Lair:6   | Reached skill level 13 in Shields
 20666 | Lair:6   | Received a gift from Okawaru
 20986 | Lair:6   | Reached skill level 10 in Armour
 21013 | Lair:6   | Reached skill level 5 in Transmutations
 21212 | Lair:6   | Reached skill level 10 in Fighting
 21695 | Lair:6   | Reached skill level 5 in Dodging
 22368 | Orc:1    | Entered Level 1 of the Orcish Mines
 22704 | Orc:2    | Entered Level 2 of the Orcish Mines
 22874 | Orc:2    | Noticed Sonja
 22878 | Orc:2    | Killed Sonja
 22982 | Orc:2    | Found a staircase to the Elven Halls.
 22988 | Orc:2    | Noticed Saint Roka
 22996 | Orc:2    | Noticed Nessos
 23010 | Orc:2    | HP: 1/88 [orc warrior/cursed +0 dire flail[Saint Roka]
                  | (17)]
 23386 | Orc:1    | Reached XP level 15. HP: 92/92 MP: 22/22
 23397 | Orc:2    | Killed Nessos
 23422 | Orc:1    | HP: 1/92 [Saint Roka/divine providence (7)]
 23770 | Orc:1    | Killed from afar by Saint Roka

Illustrated notes

Levels and vault maps discovered:
D:1:      tarquinn_simple_flora_water_f, layout_loops_ring, minmay_ruptured
D:2:      cheibrodos_helix_gallery, layout_basic, kennysheep_boxes
D:3:      layout_loops_ring, minmay_goblin_kobold_house
D:4:      layout_rooms, minmay_temple_entry_stoned_glass, gup_sewer_entry_pipe,
          uniq_menkaure
D:5:      gammafunk_wand_slinger, layout_rooms, nicolae_ossuary_entry_monument,
          serial_shops, shop_fountains
D:6:      lemuel_ice_spiral_2, layout_basic, uniq_pikel
D:7:      layout_basic, gammafunk_ghost_stat_death, basic_altar
D:8:      layout_loops_ring, trog_ov_bears_minmay, david_lair_generic,
          minivault_23
D:9:      layout_basic, serial_shops, kennysheep_little_box, uniq_maurice
D:10:     wander_river, layout_loops_ring, serial_shops, shop
D:11:     layout_loops_corners, david_orc_2, serial_shops, shop
D:12:     layout_loops_ring, minmay_misc_feat_doors, kennysheep_big_empty_room
Temple:   roderic_octagonal_lattice_temple
Lair:1:   layout_gridlike
Lair:2:   layout_regular_city, elwin_shoals_entry_rooms, gauntlet_entry_generic,
          grunt_forest_stairs_clearing, infiniplex_staircase_pool,
          lemuel_fruit_fields
Lair:3:   layout_cave_shapes, grunt_megastairs_2
Lair:4:   layout_concentric_octagons, minmay_snake_entry_guardpost_medium
Lair:5:   layout_hall_layers, minmay_slime_entry_oklob_enclosed,
          grunt_megastairs_5, lemuel_fruit_fields
Lair:6:   minmay_lair_end_enchanted_forest, layout_misc_corridors
Orc:1:    layout_caves, mines3_lemuel
Orc:2:    grunt_orc_tribal_feast, layout_caves, mines4_lemuel, uniq_nessos,
          uniq_sonja, uniq_urug, uniq_saint_roka

Skill      XL: |  1  2  3  4  5  6  7  8  9 10 11 12 13 14 |
---------------+-------------------------------------------+-----
Shields        | 4 5 6 7 8 9 10 11 12 13 | 13.5
Maces & Flails | 3 4 5 6 7 8 9 10 11 12 | 12.4
Armour         | 4 5 6 7 8 9 10 | 10.3
Fighting       | 4 5 6 7 8 9 10 | 10.2
Evocations     | 1 2 3 4 5 6 7 |  7.0
Invocations    | 2 3 5 6 7 8 |  8.4
Spellcasting   | 2 3 4 5 |  5.0
Transmutations | 2 3 4 5 |  5.3
Dodging        | 3 5 |  5.5
Air Magic      | 2 3 |  3.9

Action                   |  1- 3 |  4- 6 |  7- 9 | 10-12 | 13-15 || total
-------------------------+-------+-------+-------+-------+-------++-------
Melee: Flail             |   253 |   501 |   425 |       |       ||  1179
       Whip              |       |       |    77 |   961 |       ||  1038
       Morningstar       |       |       |       |     4 |   898 ||   902
Invok: Heroism           |       |       |       |     1 |       ||     1
       Finesse           |       |       |       |     1 |       ||     1
Evoke: Wand              |       |       |    19 |    20 |    21 ||    60
       Lightning rod     |       |       |       |     3 |       ||     3
       Box of beasts     |       |       |       |       |     1 ||     1
  Use: Scroll            |     2 |     4 |    11 |    11 |     8 ||    36
       Potion            |       |       |     5 |     1 |     2 ||     8
Armor: Scale mail        |   138 |   136 |       |       |       ||   274
       Plate armour      |       |   229 |   465 |   479 |   631 ||  1804
Dodge: Dodged            |    98 |   170 |   161 |   173 |   376 ||   978
Block: Kite shield       |   128 |       |       |   234 |    29 ||   391
       Buckler           |     2 |   111 |   133 |   104 |   368 ||   718
